Map: New Bed of Chaos LE

Players

Kaxolix

  • Race: Terran Terran
  • League: Silver

BBTheDroid

  • Race: Protoss Protoss

Pie

  • Race: Terran Terran

prOgsnOb

  • Race: Terran Terran

VOD

Have the link to the VOD?

Description

Time

  • Played on: June 14, 2026, 9:34 p.m.
  • Length: 9:28
Show
View Real Time Build Order
Export as new Build Order

Kaxolix Terran 

Build Orders: Reaper Expand, Mech 

Get SALT Encoding   

  12  0:00  SCV  
  13  0:12  SCV  
  14  0:17  Supply Depot  
  14  0:24  SCV  
  15  0:39  SCV  
  15  0:40  Barracks  
  16  0:47  Refinery  
  16  0:51  SCV  
  17  1:03  SCV  
  18  1:15  SCV  
  19  1:28  Orbital Command  
  19  1:30  Reaper  
  20  1:40  Command Center  
  20  1:55  SCV  
  20  1:58  Supply Depot  
  21  2:02  Marine  
  21  2:07  Factory  
  22  2:13  SCV  
  23  2:22  Barracks Tech Lab  
  23  2:25  SCV  
  24  2:50  SCV  
  25  3:02  SCV  
  26  3:06  Orbital Command  
  26  3:14  SCV  
  26  3:15  Command Center, Barracks  
  26  3:17  Refinery  
  27  3:31  Factory Tech Lab, Marine  
  28  3:35  Barracks  
  28  3:39  Starport  
  28  3:40  SCV x2  
  30  4:01  SCV x2  
  32  4:07  Barracks Reactor  
  32  4:19  Marauder  
  33  4:25  Bunker  
  33  4:30  Supply Depot  
  33  4:31  SCV x2  
  35  4:32  Orbital Command  
  35  4:33  Supply Depot  
  35  4:39  Refinery  
  35  4:42  Supply Depot  
  35  4:43  Barracks Reactor  
  35  4:45  Barracks Tech Lab  
  35  4:46  Marine x2  
  35  4:47  Marauder  
  35  4:48  Siege Tank  
  35  4:51  Starport Reactor  
  42  5:03  Stimpack  
  42  5:10  Marine x2, Marauder  
  42  5:11  Marauder  
  48  5:15  SCV  
  48  5:16  SCV x2  
  48  5:20  Siege Tank  
  48  5:21  Refinery  
  54  5:28  SCV x3  
  58  5:42  SCV  
  58  5:43  SCV x2  
  58  5:46  Supply Depot  
  60  5:53  Marauder x2  
  61  6:05  Combat Shield  
  61  6:07  SCV x3  
  62  6:18  Medivac x2  
  64  6:19  SCV x3  
  64  6:23  Marine x2, Marauder x2  
  73  6:42  Factory  
  73  6:45  Barracks  
  73  6:51  SCV x3  
  76  6:58  Factory  
  76  7:04  Command Center  
  76  7:06  Refinery  
  76  7:07  Refinery  
  69  7:19  Marine x2, Marauder x2  
  64  7:32  Armory  
  64  7:33  Engineering Bay  
  64  7:36  Engineering Bay  
  64  7:37  Marine x2  
  64  7:40  Barracks Tech Lab  
  64  7:41  Marauder x2  
  64  7:42  Factory Tech Lab  
  64  7:43  Factory Tech Lab  
  64  7:44  Medivac x2  
  74  7:46  SCV x3  
  77  7:55  Marine x2  
  79  8:01  Starport  
  79  8:16  Marine x2, Marauder x3  
  79  8:18  Concussive Shells  
  87  8:20  Medivac x2  
  75  9:01  Supply Depot x2  
  75  9:02  Supply Depot  
  73  9:08  Marine  
  73  9:09  Marine  
Show
View Real Time Build Order
Export as new Build Order

BBTheDroid Protoss 

Build Orders: Oracle Opening 

Get SALT Encoding   

  12  0:00  Probe  
  13  0:12  Probe  
  14  0:19  Pylon  
  14  0:25  Probe  
  15  0:28  Assimilator  
  15  0:41  Probe  
  16  0:48  Gateway  
  16  0:53  Probe  
  17  1:13  Probe  
  18  1:25  Probe  
  19  1:36  Cybernetics Core  
  19  1:46  Probe  
  22  1:50  Assimilator  
  20  1:58  Probe  
  21  2:10  Probe  
  22  2:18  Warp Gate  
  22  2:23  Stargate  
  22  2:44  Nexus  
  22  2:54  Probe  
  23  2:59  Pylon  
  23  3:07  Oracle  
  23  3:14  Stalker  
  28  3:28  Gateway  
  28  3:29  Gateway  
  28  3:53  Probe  
  28  4:01  Probe  
  30  4:11  Probe  
  31  4:20  Stalker  
  31  4:23  Stalker, Probe  
  36  4:26  Stalker  
  38  4:35  Probe  
  39  4:47  Probe  
  40  4:59  Probe  
  38  5:00  Stalker x3  
  44  5:11  Probe  
  44  5:12  Twilight Council  
  45  5:19  Pylon  
  45  5:22  Pylon  
  45  5:23  Probe  
  46  5:29  Blink  
  46  5:37  Probe  
  46  5:40  Stalker x2  
  46  5:41  Stalker  
  53  5:44  Probe  
  44  6:20  Stalker x2  
  44  6:21  Stalker  
  50  6:36  Gateway x2  
  50  6:38  Gateway  
  50  6:45  Stalker x3  
  56  6:57  Forge  
  56  6:59  Forge  
  56  7:00  Forge  
  51  7:40  Stalker x2  
  51  7:41  Stalker x3  
  61  7:54  Pylon  
  61  7:58  Pylon  
  61  7:59  Pylon x2  
  61  8:11  Probe  
  62  8:15  Assimilator  
  62  8:17  Assimilator  
  62  8:23  Probe  
  63  8:35  Probe  
  56  8:47  Probe  
  57  8:59  Probe  
  56  9:13  Stalker x4  
  56  9:14  Stalker  
Show
View Real Time Build Order
Export as new Build Order

Pie Terran 

Build Orders: 2 Factory 

Get SALT Encoding   

  12  0:00  SCV  
  13  0:12  SCV  
  14  0:18  Supply Depot  
  14  0:25  SCV  
  15  0:30  Refinery  
  15  0:40  SCV  
  16  0:48  Barracks  
  16  0:52  SCV  
  17  1:04  SCV  
  18  1:16  SCV  
  19  1:30  Command Center  
  20  1:32  SCV  
  20  1:45  SCV  
  21  1:48  Factory  
  21  1:51  Barracks Reactor  
  21  1:57  SCV  
  22  2:09  Orbital Command  
  22  2:11  Refinery  
  22  2:42  Hellion x2  
  22  2:43  Orbital Command  
  26  2:48  Factory  
  26  3:02  SCV  
  26  3:03  Orbital Command  
  27  3:06  Hellion  
  29  3:13  Hellion  
  29  3:16  Barracks Tech Lab  
  31  3:20  SCV  
  31  3:25  Supply Depot  
  32  3:29  SCV  
  32  3:32  SCV  
  34  3:43  SCV  
  34  3:44  Factory, SCV  
  34  3:48  Cyclone  
  39  3:51  Factory Tech Lab  
  39  3:53  Mag-Field Accelerator  
  39  3:55  SCV  
  40  3:59  SCV  
  41  4:04  Supply Depot  
  41  4:06  Supply Depot  
  41  4:07  SCV  
  42  4:11  SCV  
  42  4:14  Cyclone  
  46  4:25  SCV, Cyclone  
  46  4:26  SCV  
  46  4:29  Hellion x2  
  55  4:34  Supply Depot  
  55  4:56  Cyclone  
  55  4:57  Hellion x2, SCV  
  63  5:00  SCV  
  63  5:07  Supply Depot x2  
  64  5:09  Cyclone, SCV  
  64  5:12  SCV  
  69  5:22  SCV  
  69  5:23  Supply Depot  
  71  5:28  SCV  
  71  5:41  Command Center, SCV  
  72  5:43  Refinery  
  72  5:49  Cyclone x2  
  80  5:50  Hellion x2  
  80  5:55  SCV x2  
  80  5:56  Starport  
  84  5:58  Refinery  
  76  6:19  Hellion x2  
  76  6:21  Infernal Pre-Igniter, Cyclone  
  76  6:22  SCV x2  
  85  6:34  SCV x2  
  85  6:35  Barracks  
  85  6:37  Refinery  
  85  6:39  Starport Tech Lab, Fusion Core  
  87  6:42  Refinery  
  87  6:45  Supply Depot x2  
  87  6:46  Supply Depot, SCV  
  88  6:52  SCV  
  89  7:03  SCV x2, Armory  
  89  7:04  Armory, SCV  
  77  7:28  Cyclone  
  77  7:29  Hellion x2, SCV x2  
  85  7:39  Orbital Command  
  85  7:41  SCV x2  
  87  7:49  Starport  
  84  7:52  Starport  
  84  7:53  SCV x2  
  84  7:56  Drilling Claws, Factory Reactor  
  86  8:05  Siege Tank, SCV  
  89  8:09  Widow Mine x2  
  89  8:11  SCV  
  89  8:12  SCV  
  96  8:18  SCV  
  90  8:40  Cyclone  
  86  8:45  Starport Tech Lab  
  86  8:50  Widow Mine  
  86  8:51  Widow Mine x3  
  96  9:02  SCV x2  
  81  9:13  SCV  
  90  9:25  Command Center  
Show
View Real Time Build Order
Export as new Build Order

prOgsnOb Terran 

Build Orders:  

Get SALT Encoding   

  12  0:00  SCV  
  13  0:12  SCV  
  14  0:17  Supply Depot  
  14  0:24  SCV  
  15  0:38  SCV  
  15  0:40  Barracks  
  16  0:51  SCV  
  18  1:07  SCV  
  18  1:10  Refinery  
  18  1:24  SCV  
  19  1:37  Orbital Command  
  19  1:38  Command Center  
  19  1:40  Marine  
  20  1:57  Supply Depot, Refinery  
  20  1:58  Barracks Reactor  
  20  2:05  SCV  
  21  2:18  SCV  
  22  2:30  SCV  
  22  2:31  Factory  
  22  2:34  Marine x2  
  25  2:44  SCV  
  26  2:51  Orbital Command  
  26  2:52  Marine x2  
  28  3:02  SCV  
  29  3:09  Marine  
  29  3:10  Marine  
  31  3:14  SCV  
  31  3:19  Hellion  
  34  3:21  Starport  
  34  3:28  Orbital Command, SCV  
  35  3:37  Supply Depot  
  35  3:39  Barracks  
  35  3:40  Barracks, SCV  
  36  3:42  Factory Tech Lab  
  36  3:50  Marine  
  36  3:51  Marine  
  36  3:52  SCV  
  39  4:03  Siege Tank  
  39  4:04  Starport Tech Lab, SCV  
  39  4:07  SCV  
  44  4:13  Supply Depot  
  44  4:16  Supply Depot  
  45  4:21  SCV x2  
  45  4:22  Marine x2  
  48  4:29  Barracks Tech Lab  
  47  4:52  Cyclone  
  49  5:00  SCV x2  
  49  5:03  Engineering Bay  
  49  5:05  Barracks Reactor  
  51  5:12  SCV  
  52  5:18  Marine x2  
  52  5:19  Marine  
  55  5:23  Raven  
  57  5:31  Terran Infantry Weapons Level 1  
  57  5:34  Missile Turret  
  57  5:37  Missile Turret  
  57  5:40  SCV x2  
  59  5:52  SCV x2  
  59  5:54  Marine x3  
  59  5:55  Marine x2  
  66  5:57  Siege Tank  
  69  6:04  SCV  
  69  6:07  Starport Reactor  
  69  6:08  Supply Depot x2  
  69  6:11  Supply Depot  
  70  6:18  Engineering Bay  
  70  6:19  Armory  
  70  6:29  SCV x2  
  70  6:30  Stimpack  
  70  6:31  Supply Depot  
  72  6:47  Marine x5  
  72  6:48  Siege Tank, Medivac  
  82  7:05  Marine x3  
  85  7:10  Command Center  
  85  7:12  Terran Infantry Armor Level 1  
  85  7:26  Marine x4  
  87  7:36  Marine  
  87  7:37  Siege Tank  
  87  7:41  SCV x2, Supply Depot  
  87  7:42  Supply Depot  
  87  7:43  Refinery x2  
  87  7:44  Marine  
  92  7:48  Marine x2  
  92  7:49  Marine  
  96  7:53  SCV x2  
  96  7:57  Supply Depot  
  96  7:58  Supply Depot  
  98  7:59  Marine  
  98  8:04  Supply Depot  
  99  8:05  SCV x2, Supply Depot  
  101  8:17  SCV  
  102  8:22  Orbital Command  
  102  8:26  Marine x2  
  102  8:27  Marine x2, Siege Tank, Medivac  
  104  8:31  Marine  
  104  8:32  Medivac  
  114  8:36  Barracks  
  105  8:59  Marine x5  
Tags
 
Add a new tag
Caveats
  • Supply blocks, unpowered buildings, or Contaminate may cause inaccurate times.
  • Supply counts are checked every 10 seconds.